 Dungeon Crawl Stone Soup version 0.30.1-11-g7821555f0a (webtiles) character file.

Game seed: 11177486596032524773

13733 GimliDwarf the Thaumaturge (level 12, -2/94 HPs)
             Began as a Gnoll Warper on Jan 8, 2024.
             Was a Priest of Qazlal.
             Slain by a very large slime creature (29 damage)
             ... on level 11 of the Dungeon.
             The game lasted 00:38:58 (12427 turns).

GimliDwarf the Thaumaturge (Gnoll Warper)          Turns: 12427, Time: 00:38:58

Health: -2/94      AC: 15    Str: 12    XL:     12   Next: 9%
Magic:  15/15      EV: 39    Int: 23    God:    Qazlal [***...]
Gold:   220        SH:  4    Dex: 27    Spells: 19/28 levels left

rFire   . . .        m - +4 scimitar (flame)
rCold   . . .        (no shield)
rNeg    + . .        g - +2 leather armour of Divine Compulsion {MP-9 Int+4 Dex+7 Slay+4}
rPois   +            O - +1 hat "Hewech" {Will- Regen+ Str+2 Int+3}
rElec   .            e - +2 cloak
rCorr   .            v - +0 pair of gloves of Xom's Generosity {rN+ Int+3 Dex+3}
SInv    .            (no boots)
Will    .....        t - amulet of the acrobat
Stlth   +++          q - +4 ring of protection
HPRegen 1.15/turn    J - ring of Hutiv {rPois EV+5}
MPRegen 0.14/turn

%: acrobat
@: acrobatic
A: fangs 1, strong nose, distributed training
a: Renounce Religion, Upheaval, Elemental Force


You were on level 11 of the Dungeon.
You worshipped Qazlal.
Qazlal was most pleased with you.
You visited 2 branches of the dungeon, and saw 13 of its levels.

You collected 567 gold pieces.
You spent 347 gold pieces at shops.

Inventory:

Hand Weapons
 a - a +2 falchion
 m - a +4 scimitar of flaming (weapon)
 G - a +3 shortbow
Missiles
 n - 17 poisoned darts
 o - 4 javelins
 w - 3 boomerangs
 H - 2 curare-tipped darts
 P - a throwing net
 R - 6 atropa-tipped darts
Armour
 e - a +2 cloak (worn)
 g - the +2 leather armour of Divine Compulsion (worn) {MP-9 Int+4 Dex+7 Slay+4}
   (You bought it in a shop on level 11 of the Dungeon)

   Int:       It affects your intelligence (+4).
   Dex:       It affects your dexterity (+7).
   Slay:      It affects your accuracy & damage with ranged weapons and melee
   (+4).
   MP:        It affects your magic capacity (-9).
 u - a +2 leather armour of fire resistance
 v - the +0 pair of gloves of Xom's Generosity (worn) {rN+ Int+3 Dex+3}
   (You acquired it on level 5 of the Dungeon)

   Int:       It affects your intelligence (+3).
   Dex:       It affects your dexterity (+3).
   rN:        It protects you from negative energy.
 D - the +1 robe of the Lost Spreadsheets {rN+ Will+ Str+3}
   (You found it on level 7 of the Dungeon)

   Str:       It affects your strength (+3).
   rN:        It protects you from negative energy.
   Will:      It increases your willpower.
 O - the +1 hat "Hewech" (worn) {Will- Regen+ Str+2 Int+3}
   (You found it on level 10 of the Dungeon)

   Str:       It affects your strength (+2).
   Int:       It affects your intelligence (+3).
   Regen:     It increases your rate of health regeneration.
   Will:      It decreases your willpower.
Jewellery
 q - a +4 ring of protection (left hand)
 s - a ring of resist corrosion
 t - an amulet of the acrobat (around neck)
 I - a +6 ring of strength
 J - the ring of Hutiv (right hand) {rPois EV+5}
   (You found it on level 8 of the Dungeon)

   [ring of evasion]

   EV:        It affects your evasion (+5).
   rPois:     It protects you from poison.
 Q - an amulet of guardian spirit
Wands
 j - a wand of flame (8)
 l - a wand of charming (7)
 y - a wand of digging (8)
 E - a wand of iceblast (3)
 K - a wand of mindburst (12)
Scrolls
 b - a scroll of magic mapping
 c - a scroll of blinking
 d - 3 scrolls of identify
 i - 3 scrolls of fear
 x - 7 scrolls of teleportation
 A - 5 scrolls of amnesia
 F - a scroll of fog
 N - a scroll of poison
Potions
 f - a potion of magic
 h - a potion of lignification
 k - 2 potions of heal wounds
 p - 2 potions of resistance
 r - a potion of might
 z - a potion of brilliance
 B - a potion of flight
 C - a potion of ambrosia
 L - 2 potions of mutation
 M - a potion of curing


   Skills:
 + Level 8.6 Fighting
 + Level 7.2 Short Blades
 + Level 8.6 Long Blades
 + Level 7.2 Axes
 + Level 7.2 Maces & Flails
 + Level 7.2 Polearms
 + Level 7.2 Staves
 + Level 7.2 Ranged Weapons
 + Level 7.7 Throwing
 + Level 7.7 Armour
 + Level 8.6 Dodging
 + Level 7.2 Stealth
 + Level 7.2 Shields
 + Level 7.2 Unarmed Combat
 + Level 8.9 Spellcasting
 + Level 6.0 Conjurations
 + Level 6.0 Hexes
 + Level 6.0 Summonings
 + Level 6.0 Necromancy
 + Level 8.2 Translocations
 + Level 6.0 Transmutations
 + Level 6.0 Fire Magic
 + Level 6.0 Ice Magic
 + Level 6.0 Air Magic
 + Level 6.0 Earth Magic
 + Level 6.0 Poison Magic
 + Level 7.9 Invocations
 + Level 7.2 Evocations


You had 19 spell levels left.
You knew the following spells:

 Your Spells              Type           Power      Damage    Failure   Level
a - Blink                 Tloc           96%        N/A       1%          2
b - Vhi's Electric Charg  Tloc/Air       84%        N/A       1%          3
c - Manifold Assault      Tloc           48%        N/A       2%          4

Your spell library contained the following spells:

 Spells                   Type           Power      Damage    Failure   Level
 Foxfire                  Conj/Fire      100%       2x1d9     1%          1
 Freeze                   Ice            100%       1d10      1%          1
 Kiss of Death            Conj/Necr      100%       2d13      1%          1
 Lesser Beckoning         Tloc           96%        N/A       1%          2
 Poisonous Vapours        Pois/Air       74%        N/A       1%          2
 Call Canine Familiar     Summ           37%        N/A       1%          3
 Confusing Touch          Hex            37%        N/A       1%          3
 Frozen Ramparts          Ice            74%        1d12      1%          3
 Hailstorm                Conj/Ice       37%        3d9       1%          3
 Mephitic Cloud           Conj/Pois/Air  37%        N/A       1%          3
 Portal Projectile        Hex/Tloc       84%        N/A       1%          3
 Teleport Other           Tloc           48%        N/A       1%          3
 Cause Fear               Hex            18%        N/A       7%          4
 Dispel Undead            Necr           37%        3d15      7%          4
 Leda's Liquefaction      Hex/Erth       18%        N/A       7%          4
 Fireball                 Conj/Fire      18%        3d9       19%         5
 Freezing Cloud           Conj/Ice/Air   18%        6-21      19%         5
 Plasma Beam              Fire/Air       18%        2x1d33    71%         6
 Starburst                Conj/Fire      18%        6d7       71%         6
 Dragon Form              Tmut           18%        N/A       99%         7
 Dragon's Call            Summ           18%        N/A       100%        9


Dungeon Overview and Level Annotations

Branches:
Dungeon (12/15)            Temple (1/1) D:5            Lair (0/5) D:10
    Orc (0/2) D:10

Altars:
Ashenzari
Cheibriados
Dithmenos
Elyvilon
Fedhas
Gozag
Hepliaklqana
Kikubaaqudgha
Makhleb
Nemelex Xobeh
Okawaru
Qazlal
Ru
Sif Muna
Trog
Uskayaw
Vehumet
Wu Jian
Xom
Yredelemnul
Zin
The Shining One

Shops:
D:3 [   D:11 (?![*


Innate Abilities, Weirdness & Mutations

You have very sharp teeth.
Your uncanny sense of smell can sniff out nearby items.
Your experience applies equally to all skills.


Message History

A very large slime creature splits.
You barely miss the slime creature. You bite the slime creature.
The slime creature is moderately wounded.
The large slime creature closely misses you.
The slime creature hits you!
The slime creature attacks as you move away!
The slime creature misses you.
Two slime creatures merge to form a very large slime creature.
Two slime creatures merge to form a large slime creature.
Aiming: Throw Flame
Press: ? - help, Shift-Dir - straight line, f - large slime creature
Aim: a large slime creature (lightly wounded, 95% to hit)
The puff of flame hits the large slime creature!
The large slime creature is moderately wounded.
Aiming: Throw Flame
Press: ? - help, Shift-Dir - straight line, f/p - large slime creature
Aim: a large slime creature (moderately wounded, 95% to hit)
The puff of flame hits the large slime creature!
The large slime creature is moderately wounded.
You hit the large slime creature. You burn the large slime creature.
The large slime creature is moderately wounded.
The large slime creature barely misses you.
You barely miss the large slime creature.
The large slime creature is moderately wounded.
Two slime creatures merge to form a very large slime creature.
You barely miss the very large slime creature.
You punch the very large slime creature.
The very large slime creature is moderately wounded.
You barely miss the very large slime creature.
The very large slime creature is moderately wounded.
The very large slime creature misses you.
The very large slime creature attacks as you move away!
The very large slime creature hits you!!!
Ouch! That really hurt!
* * * LOW HITPOINT WARNING * * *
The very large slime creature attacks as you move away!
You block the very large slime creature's attack.
The very large slime creature attacks as you move away!
The very large slime creature hits you!!
You die...

######..######'####..##..........
.....#..#.........#..############
####.#..#.##...##.#..............
.....####.##......#####..........
..........##......# #<.........
#######...##..#...# #..........
..........##..^...# #..........
.............ยง....#####..........
######...####..J@.#..............
#...# #.###.#.......)......
######...# #.# #.#..............
.........# #.# #.###'#..........
....)....# #.# #.....#..........
.........# #.# #.....#..........
.........# #.# #.....#...>......
.........# #.###.....#..........
.........# ##.........###########


You could see a very large slime creature.

Vanquished Creatures
  Erica (D:8)
  2 two-headed ogres
  A fire crab (D:12)
  A cyclops (D:11)
  A manticore (D:11)
  Maggie (D:8)
  2 unseen horrors
  A troll (D:10)
  A wolf spider simulacrum (D:11)
  2 hornets
  A slime creature (D:12)
  Sigmund (D:4)
  2 shadows (D:11)
  A wraith (D:11)
  2 wyverns (D:10)
  18 yaks
  A vampire mosquito (D:9)
  2 steam dragons
  Edmund (D:6)
  2 wargs (D:10)
  An acid dragon (D:10)
  3 water moccasins
  Duvessa (D:4)
  An ice beast (D:8)
  A sky beast (D:7)
  6 orc warriors
  2 black bears
  9 ogres
  3 centaurs
  A phantom (D:4)
  6 kobold brigands
  3 bullfrogs
  Blork the orc (D:4)
  2 gnoll sergeants (D:10)
  5 scorpions
  Dowan (D:4)
  3 howler monkeys
  2 hounds
  A gnoll bouda (D:7)
  7 orc priests
  2 jellies
  2 iguanas
  9 orc wizards
  Robin (D:2)
  11 gnolls
  6 adders
  A shadow imp (D:8)
  A white imp (D:6)
  4 dart slugs
  39 orcs
  6 endoplasms
  5 giant cockroaches
  11 goblins
  10 hobgoblins
  8 jackals
  13 kobolds
  3 quokkas
  6 ball pythons
  2 bats (D:3)
  3 frilled lizards (D:1)
  2 rats
248 creatures vanquished.

Notes
Turn   | Place    | Note
-------+----------+-------------------------------------------
     0 | D:1      | GimliDwarf the Gnoll Warper began the quest for the Orb.
     0 | D:1      | Reached XP level 1. HP: 20/20 MP: 6/6
   171 | D:1      | Reached XP level 2. HP: 24/26 MP: 7/7
   174 | D:1      | Learned a level 2 spell: Blink
  1169 | D:2      | Noticed Robin
  1178 | D:2      | Reached skill level 5 in Spellcasting
  1178 | D:2      | Reached XP level 3. HP: 29/31 MP: 7/9
  1206 | D:2      | Reached skill level 1 in Invocations
  1224 | D:2      | Killed Robin
  1225 | D:2      | Reached skill level 1 in Short Blades
  1225 | D:2      | Reached skill level 1 in Axes
  1225 | D:2      | Reached skill level 1 in Maces & Flails
  1225 | D:2      | Reached skill level 1 in Polearms
  1225 | D:2      | Reached skill level 1 in Staves
  1225 | D:2      | Reached skill level 1 in Ranged Weapons
  1225 | D:2      | Reached skill level 1 in Stealth
  1225 | D:2      | Reached skill level 1 in Shields
  1225 | D:2      | Reached skill level 1 in Unarmed Combat
  1225 | D:2      | Reached skill level 1 in Evocations
  1477 | D:2      | Identified the +8 spear of Welfare {flame, rF+}
  1516 | D:2      | Reached XP level 4. HP: 38/38 MP: 11/11
  1538 | D:2      | Learned a level 3 spell: Vhi's Electric Charge
  1543 | D:2      | Learned a level 4 spell: Manifold Assault
  1848 | D:2      | Reached skill level 1 in Conjurations
  1848 | D:2      | Reached skill level 1 in Hexes
  1848 | D:2      | Reached skill level 1 in Summonings
  1848 | D:2      | Reached skill level 1 in Necromancy
  1848 | D:2      | Reached skill level 1 in Transmutations
  1848 | D:2      | Reached skill level 1 in Fire Magic
  1848 | D:2      | Reached skill level 1 in Ice Magic
  1848 | D:2      | Reached skill level 1 in Air Magic
  1848 | D:2      | Reached skill level 1 in Earth Magic
  1848 | D:2      | Reached skill level 1 in Poison Magic
  2122 | D:3      | Found Utzud's Antique Armour Shop.
  2186 | D:3      | Reached XP level 5. HP: 35/43 MP: 8/12
  2690 | D:4      | Noticed a kobold brigand
  2700 | D:4      | Killed a kobold brigand
  2701 | D:4      | Reached XP level 6. HP: 50/50 MP: 13/13
  2744 | D:4      | Reached skill level 5 in Fighting
  2744 | D:4      | Reached skill level 5 in Long Blades
  2744 | D:4      | Reached skill level 5 in Dodging
  2813 | D:4      | Noticed Sigmund
  2931 | D:4      | Noticed Dowan
  2932 | D:4      | Noticed Duvessa
  2971 | D:4      | Killed Duvessa
  2984 | D:4      | Killed Dowan
  2985 | D:4      | Reached XP level 7. HP: 25/56 MP: 3/15
  3189 | D:4      | Found a radiant altar of Vehumet.
  3226 | D:4      | Noticed Blork the orc
  3253 | D:4      | Killed Blork the orc
  3663 | D:4      | Reached XP level 8. HP: 62/63 MP: 14/16
  3726 | D:4      | Killed Sigmund
  4259 | D:5      | Entered Level 5 of the Dungeon
  4448 | D:5      | Found a staircase to the Ecumenical Temple.
  4457 | Temple   | Entered the Ecumenical Temple
  4716 | Temple   | Became a worshipper of Qazlal Stormbringer
  5188 | D:5      | Identified a scroll of acquirement
  5188 | D:5      | Acquired the +0 pair of gloves of Xom's Generosity {rN+
                  | Int+3 Dex+3}
  5310 | D:6      | Noticed Edmund
  5339 | D:6      | Reached XP level 9. HP: 69/69 MP: 14/18
  5346 | D:6      | Killed Edmund
  5463 | D:6      | Reached skill level 5 in Throwing
  5463 | D:6      | Reached skill level 5 in Armour
  6265 | D:7      | Reached skill level 5 in Invocations
  6286 | D:7      | Reached * piety under Qazlal
  6294 | D:7      | HP: 5/106 [poisoned by a water moccasin]
  6483 | D:7      | Found a sacrificial altar of Ru.
  6546 | D:7      | Identified the +1 robe of the Lost Spreadsheets {rN+ Will+
                  | Str+3}
  7110 | D:8      | Noticed Erica
  7175 | D:8      | Killed Erica
  7176 | D:8      | Reached skill level 5 in Short Blades
  7176 | D:8      | Reached skill level 5 in Axes
  7176 | D:8      | Reached skill level 5 in Maces & Flails
  7176 | D:8      | Reached skill level 5 in Polearms
  7176 | D:8      | Reached skill level 5 in Staves
  7176 | D:8      | Reached skill level 5 in Ranged Weapons
  7176 | D:8      | Reached skill level 5 in Stealth
  7176 | D:8      | Reached skill level 5 in Shields
  7176 | D:8      | Reached skill level 5 in Unarmed Combat
  7176 | D:8      | Reached skill level 5 in Evocations
  7176 | D:8      | Reached XP level 10. HP: 32/79 MP: 20/20
  7461 | D:8      | Identified the ring of Hutiv {rPois EV+5}
  7484 | D:8      | Noticed Maggie
  7513 | D:8      | Killed Maggie
  7726 | D:8      | Found a hazy altar of Hepliaklqana.
  7727 | D:8      | Found a blossoming altar of Fedhas.
  7728 | D:8      | Found a shimmering blue altar of Sif Muna.
  8569 | D:9      | Found a burning altar of Makhleb.
  8862 | D:9      | Reached ** piety under Qazlal
  9221 | D:10     | Entered Level 10 of the Dungeon
  9236 | D:10     | Found a staircase to the Lair.
  9255 | D:10     | Reached skill level 5 in Conjurations
  9255 | D:10     | Reached skill level 5 in Hexes
  9255 | D:10     | Reached skill level 5 in Summonings
  9255 | D:10     | Reached skill level 5 in Necromancy
  9255 | D:10     | Reached skill level 5 in Transmutations
  9255 | D:10     | Reached skill level 5 in Fire Magic
  9255 | D:10     | Reached skill level 5 in Ice Magic
  9255 | D:10     | Reached skill level 5 in Air Magic
  9255 | D:10     | Reached skill level 5 in Earth Magic
  9255 | D:10     | Reached skill level 5 in Poison Magic
  9256 | D:10     | Reached XP level 11. HP: 23/85 MP: 3/22
 10280 | D:10     | Identified the +1 hat "Hewech" {Will- Regen+ Str+2 Int+3}
 10425 | D:10     | Found a staircase to the Orcish Mines.
 10977 | D:10     | Noticed a two-headed ogre
 10997 | D:10     | Killed a two-headed ogre
 11175 | D:11     | Reached *** piety under Qazlal
 11260 | D:11     | Found Avon's Magic Scroll Shop.
 11263 | D:11     | Bought a scroll of magic mapping for 120 gold pieces
 11291 | D:11     | Noticed a cyclops
 11302 | D:11     | Killed a cyclops
 11359 | D:11     | Found Yfuwaqur's Antique Armour Shoppe.
 11367 | D:11     | Bought a translucent leather armour for 210 gold pieces
 11367 | D:11     | Identified the +2 leather armour of Divine Compulsion {MP-9
                  | Int+4 Dex+7 Slay+4} (You bought it in a shop on level 11 of
                  | the Dungeon)
 11446 | D:11     | Found Weockeaq's Distillery.
 11446 | D:11     | Identified the +0 ring mail of Ebluo {Harm Drain Int+7}
 11452 | D:11     | Bought a potion of degeneration for 17 gold pieces
 11504 | D:11     | Found Niysiu's Assorted Antiques.
 11734 | D:11     | Noticed a manticore
 11739 | D:11     | Killed a manticore
 11861 | D:11     | Found Tunazuog's Antique Weapon Shoppe.
 12025 | D:11     | Noticed a two-headed ogre
 12036 | D:11     | Killed a two-headed ogre
 12037 | D:11     | Reached XP level 12. HP: 94/94 MP: 0/24
 12427 | D:11     | Slain by a very large slime creature

Illustrated notes

Levels and vault maps discovered:
D:1:      kilobyte_arrival_exit_the_forest, layout_loops_ring, dk_noncrumbling_2
D:2:      layout_rooms, serial_forest, infiniplex_forest_clump_large,
          infiniplex_forest_lined_2, infiniplex_forest_lined_room_2,
          infiniplex_forest_clump_medium, infiniplex_forest_lined_room_2,
          infiniplex_forest_corner_1, infiniplex_forest_clump_cross,
          cheibrodos_gnoll_hut, uniq_robin
D:3:      layout_basic, serial_shops, shop
D:4:      layout_loops_ring, mainiacjoe_overflow_24_doors,
          minmay_fractal_squares_diagonal_5, uniq_sigmund, uniq_duvessa,
          uniq_blork_the_orc
D:5:      layout_rooms, minmay_temple_entry_mini_moons
D:6:      layout_basic, grunt_ministairs_9, uniq_edmund
D:7:      layout_cave_pools, nicolae_ru_great_annihilating_truth,
          hangedman_glass_teeth, grunt_ministairs_14, minmay_misc_feat_room
D:8:      layout_basic, gammafunk_temple_overflow_forgotten, uniq_erica,
          uniq_maggie
D:9:      layout_irregular_city, mainiacjoe_overflow_boulevard
D:10:     layout_stronghold, erik_lair_orcish_takeover,
          kennysheep_orc_monster_closet_entryway, minmay_between
D:11:     layout_stronghold, serial_shops, nicolae_shop_back_alley_shop,
          nicolae_shop_crystal, kennysheep_mini_moat, shop, shop
D:12:     layout_basic, serial_shops, shop, uniq_snorg, uniq_urug, uniq_sonja
Temple:   compressed_dpeg_triangle_lava_temple

Skill      XL: |  1  2  3  4  5  6  7  8  9 10 11 12 |
---------------+-------------------------------------+-----
Spellcasting   | 5 6 7 8 |  8.9
Invocations    | 1 2 3 4 5 6 7 |  7.9
Short Blades   | 1 2 3 5 6 7 |  7.2
Axes           | 1 2 3 5 6 7 |  7.2
Maces & Flails | 1 2 3 5 6 7 |  7.2
Polearms       | 1 2 3 5 6 7 |  7.2
Staves         | 1 2 3 5 6 7 |  7.2
Ranged Weapons | 1 2 3 5 6 7 |  7.2
Stealth        | 1 2 3 5 6 7 |  7.2
Shields        | 1 2 3 5 6 7 |  7.2
Unarmed Combat | 1 2 3 5 6 7 |  7.2
Evocations     | 1 2 3 5 6 7 |  7.2
Conjurations   | 1 2 3 4 5 6 |  6.0
Hexes          | 1 2 3 4 5 6 |  6.0
Summonings     | 1 2 3 4 5 6 |  6.0
Necromancy     | 1 2 3 4 5 6 |  6.0
Transmutations | 1 2 3 4 5 6 |  6.0
Fire Magic     | 1 2 3 4 5 6 |  6.0
Ice Magic      | 1 2 3 4 5 6 |  6.0
Air Magic      | 1 2 3 4 5 6 |  6.0
Earth Magic    | 1 2 3 4 5 6 |  6.0
Poison Magic   | 1 2 3 4 5 6 |  6.0
Throwing       | 3 4 5 6 7 |  7.7
Armour         | 3 4 5 6 7 |  7.7
Fighting       | 5 6 7 8 |  8.6
Long Blades    | 5 6 7 8 |  8.6
Dodging        | 5 6 7 8 |  8.6
Translocations | 6 7 8 |  8.2

Action                     |  1- 3 |  4- 6 |  7- 9 | 10-12 || total
---------------------------+-------+-------+-------+-------++-------
  Melee: Falchion          |   118 |   120 |   392 |       ||   630
         Bite              |     8 |    10 |    40 |    35 ||    93
         Punch             |     1 |     1 |    13 |    12 ||    27
         Scimitar          |       |       |       |   297 ||   297
  Throw: Boomerang         |     1 |       |    12 |     3 ||    16
         Dart              |       |    12 |    35 |    20 ||    67
         Throwing net      |       |     1 |     3 |       ||     4
         Javelin           |       |     1 |    11 |       ||    12
   Cast: Vhi's Electric Ch |       |     1 |    36 |    47 ||    84
         Manifold Assault  |       |       |     1 |     3 ||     4
         Blink             |       |       |       |     2 ||     2
  Evoke: Wand              |       |       |     6 |    11 ||    17
    Use: Scroll            |     6 |     7 |    11 |     3 ||    27
         Potion            |     1 |     2 |     3 |       ||     6
   Stab: Held in net/web   |       |       |     1 |       ||     1
         Sleeping          |       |       |     1 |       ||     1
         Invisible         |       |       |     1 |       ||     1
         Paralysed         |       |       |     1 |       ||     1
 Armour: Leather armour    |    26 |    46 |   120 |     4 ||   196
         Skin              |    17 |       |    33 |       ||    50
         Robe              |       |       |     5 |    54 ||    59
  Dodge: Dodged            |    64 |    79 |   295 |   275 ||   713
  Block: Other             |       |       |     2 |    47 ||    49
